AoeStats
← Eenoon

Arena

509071238Analyzed
4v4 RM · 7d ago on Sep 25, 2026· 42m 42s· 8 players
Game mode
Random Map
Map size
Large (8 player)
Population
200
Speed
Normal
Resources
Standard
Victory
Conquest
Starting age
Dark Age
Ending age
Imperial Age
RankedLock teamsTeams togetherTeam positionsShared explorationLock speedFull tech treeHidden civsTurbo modeCheats
Victory
Defeat
🇪🇸 Japanese · Spain
1196
+13
🇨🇳 Persians · China
1194
+13
🇨🇳 Lithuanians · China
1182
+14
1180
+14
🇧🇪 Celts · Belgium
1162
-14
🇪🇸 Spanish · Spain
1146
-14
🇮🇹 Goths · Italy
1123
-13
🇫🇷 Franks · France
1118
-13
Jesulito123
3:19 Loom
10:55 Feudal Age
15:04 Castle Age
13:13 Double-Bit Axe
13:50 Horse Collar
16:03 Bow Saw
21:24 Wheelbarrow
21:09 Heavy Plow
22:43 Gold Mining
24:33 Hand Cart
27:00 Imperial Age
24:17 Town Watch
25:31 Bloodlines
26:35 Hand Cart
26:16 Stone Mining
26:35 Husbandry
28:16 Forging
28:11 Scale Barding Armor
27:42 Cavalier
33:12 Two-Man Saw
33:03 Stone Shaft Mining
33:51 Iron Casting
33:38 Chain Barding Armor
33:08 Paladin
34:57 Caravan
36:08 Blast Furnace
36:43 Conscription
36:40 Murder Holes
37:13 Fletching
37:59 Plate Barding Armor
39:42 Light Cavalry
40:22 Bodkin Arrow
41:29 Chemistry
40:50 Ballistics
fabio07deluca
11:55 Feudal Age
16:31 Castle Age
14:26 Double-Bit Axe
14:35 Horse Collar
15:16 Loom
15:55 Gold Mining
18:50 Bow Saw
18:58 Heavy Plow
21:43 Wheelbarrow
21:28 Stone Mining
24:43 Stone Shaft Mining
24:04 Man-at-Arms
24:47 Scale Mail Armor
25:00 Long Swordsman
26:36 Forging
27:30 Chain Mail Armor
28:52 Iron Casting
29:09 Squires
34:07 Hand Cart
34:19 Town Watch
39:11 Imperial Age
36:44 Town Patrol
37:57 Fletching
38:08 Padded Archer Armor
37:34 Crossbowman
37:39 Elite Skirmisher
37:52 Pikeman
39:22 Two-Handed Swordsman
Eenoon
11:00 Feudal Age
11:24 Loom
12:18 Double-Bit Axe
15:51 Castle Age
15:51 Town Watch
17:06 Bow Saw
17:43 Wheelbarrow
17:32 Gold Mining
21:35 Stone Mining
26:39 Scale Barding Armor
27:34 Forging
28:31 Hand Cart
29:38 Iron Casting
29:25 Chain Barding Armor
30:37 Gold Shaft Mining
30:10 Husbandry
30:14 Scale Mail Armor
30:17 Padded Archer Armor
30:10 Fletching
33:50 Imperial Age
32:18 Ordonnance Companies
33:16 Chain Mail Armor
34:53 Conscription
34:37 Chivalry
34:18 Cavalier
36:00 Blast Furnace
35:36 Plate Barding Armor
35:32 Plate Mail Armor
35:19 Town Patrol
35:40 Paladin
37:19 Elite Throwing Axeman
39:22 Block Printing
40:24 Sanctity
SicariusFeroxis
10:16 Feudal Age
8:32 Loom
14:02 Castle Age
13:20 Double-Bit Axe
13:15 Horse Collar
14:13 Arson
21:48 Pikeman
28:07 Wheelbarrow
31:30 Bow Saw
32:21 Sanctity
33:31 Scale Mail Armor
33:30 Fletching
33:56 Forging
33:51 Gold Mining
34:18 Heavy Plow
35:10 Stronghold
39:54 Hand Cart
39:25 Town Watch
41:22 Fortified Wall
IkerJura23783
10:05 Feudal Age
10:30 Double-Bit Axe
13:45 Loom
16:23 Castle Age
14:21 Horse Collar
15:03 Stone Mining
15:19 Scale Mail Armor
15:32 Gold Mining
17:38 Bow Saw
18:17 Forging
19:52 Gold Shaft Mining
21:15 Heavy Plow
23:24 Squires
24:20 Arson
28:05 Gambesons
28:39 Chain Mail Armor
29:00 Iron Casting
30:24 Pikeman
33:25 Wheelbarrow
33:06 Gambesons
33:34 Town Watch
1097962590
10:24 Feudal Age
11:39 Double-Bit Axe
14:06 Castle Age
12:20 Horse Collar
16:43 Loom
21:14 Town Watch
21:45 Gold Mining
22:36 Redemption
24:04 Sanctity
25:07 Bow Saw
26:54 Wheelbarrow
30:17 Heavy Plow
34:56 Imperial Age
33:35 Hand Cart
33:48 Bloodlines
33:39 Husbandry
33:46 Scale Barding Armor
34:30 Forging
34:59 Chain Barding Armor
35:53 Iron Casting
35:06 Cavalier
36:49 Hoardings
36:35 Conscription
37:58 Conscription
38:16 Hoardings
37:09 Paladin
39:50 Two-Man Saw
41:07 Plate Barding Armor
Not tired.Just noob.
11:16 Feudal Age
11:58 Double-Bit Axe
14:49 Castle Age
13:13 Horse Collar
16:20 Bow Saw
26:20 Heavy Plow
31:08 Imperial Age
28:25 Loom
29:15 Wheelbarrow
28:26 Town Watch
28:58 Vendel Legacy
29:47 Scale Barding Armor
29:52 Forging
29:56 Bloodlines
29:47 Husbandry
29:45 Gold Mining
31:02 Hand Cart
30:47 Town Patrol
31:13 Chain Barding Armor
32:52 Chemistry
32:13 Ballistics
32:09 Gothikon
33:11 Conscription
33:06 Elite Jarl
35:04 Plate Barding Armor
34:21 Capped Ram
35:33 Siege Ram
37:42 Iron Casting
40:02 Treadmill Crane
40:18 Murder Holes
40:28 Siege Engineers
40:34 Fortified Wall
40:35 Masonry
上杉绘梨衣
11:41 Feudal Age
12:15 Double-Bit Axe
12:11 Horse Collar
15:09 Castle Age
16:07 Bow Saw
22:37 Wheelbarrow
22:22 Heavy Plow
28:11 Imperial Age
25:42 Stone Mining
27:39 Stone Shaft Mining
26:56 Gold Mining
29:20 Gold Shaft Mining
29:16 Crop Rotation
29:05 Hand Cart
29:49 Elite War Elephant
30:42 Forging
30:35 Husbandry
30:48 Bloodlines
30:54 Scale Barding Armor
32:05 Two-Man Saw
32:04 Iron Casting
31:54 Chain Barding Armor
33:19 Plate Barding Armor
33:49 Blast Furnace
35:40 Scale Mail Armor
Connection lost

Rejoining the realm…

Still unreachable

The connection could not be restored.

Session expired

The server has moved on; the page needs a fresh start.